[Event "*** Titled Tuesday Blitz"]
[Site "Chess.com"]
[Date "2020.12.01"]
[Round "3"]
[White "hawes33"]
[Black "RobPeresian"]
[Result "0-1"]
[WhiteElo "2248"]
[BlackElo "2435"]
[TimeControl "180+1"]
[EndTime "10:27:18 PST"]
[Termination "RobPeresian won by resignation"]

1. e4 e5 2. Nf3 Nc6 3. d4 exd4 4. Bc4 Nf6 5. e5 Ne4 6. O-O d5 7. Bb5 Bc5 8. Bxc6+ bxc6 9. Nxd4 Bd7 10. Be3 O-O 11.
f3 Ng5 12. f4 Ne4 13. Nd2 f6 14. Nxe4 dxe4 15. exf6 Qxf6 16. c3 Qg6 17. f5 Bxf5 18.
Nxf5 Rxf5 19. Bxc5 Rxc5 20. Qd7 Re8 21. Rf4 h6 22. h3 e3 23. Rg4 Qf7 24. Qd3 e2 25. Re1 Rce5 26. Rg3 Qxa2 27. b3 Qxb3 28. Qg6 Qf7 29. Qxh6 Rf5 30. Qd2 Rf1+ 31. Kh2 Qf2 32.
Rxg7+ Kxg7 33. Qg5+ Kf7 34. Rxe2 Rxe2 35. Qh5+ Ke6 36.
Qh6+ Qf6 0-1

[Event "*** Titled Tuesday Blitz"]
[Site "Chess.com"]
[Date "2020.12.01"]
[Round "3"]
[White "Smile2005"]
[Black "HouseOfDurin"]
[Result "1-0"]
[WhiteElo "2321"]
[BlackElo "2110"]
[TimeControl "180+1"]
[EndTime "10:27:18 PST"]
[Termination "Smile2005 won by checkmate"]

1. Nf3 c5 2. g3 Nc6 3. Bg2 e5 4. O-O g6 5. d3 Bg7 6. e4 h6 7. Nc3 Nge7 8. Nd5 O-O 9. Be3 d6 10. Qd2 Kh7 11. c3 f5 12. Nxe7 Qxe7 13. exf5 gxf5 14.
Ne1 Qf6 15. f4 Rb8 16. Nf3 Bd7 17. Rae1 b6 18. fxe5 dxe5 19. Bf2 Rbd8 20. Qe2 Be6 21. b3 Rd6 22. Nh4 Rfd8 23. h3 Qg5 24. Kh2 f4 25. gxf4 exf4 26. Be4+ Kg8 27. Rg1 Qf6 28. Rg6 Qe5 29. Nf3 Qh5 30. Reg1 R8d7 31. Bh4 Ne5 32. Qg2 Nxf3+ 33. Bxf3 Qxh4 34. Rxg7+ Kf8 35. Rg8+ Bxg8 36. Qxg8+ Ke7 37. Rg7+ Kf6 38. Rg6+ Ke5 39. Qh8+ Kf5 40. Be4# 1-0

[Event "*** Titled Tuesday Blitz"]
[Site "Chess.com"]
[Date "2020.12.01"]
[Round "3"]
[White "SantoBlue"]
[Black "Nikolaj_6"]
[Result "1-0"]
[WhiteElo "2889"]
[BlackElo "2623"]
[TimeControl "180+1"]
[EndTime "10:27:22 PST"]
[Termination "SantoBlue won by resignation"]

1. e4 c5 2. Nf3 d6 3. d4 cxd4 4. Nxd4 Nf6 5. Nc3 a6 6. a3 e5 7. Nf5 d5 8. Bg5 Bxf5 9. exf5 d4 10. Ne4 Nbd7 11. Bd3 Be7 12. Bxf6 Nxf6 13. O-O O-O 14.
Qf3 Nd5 15. Bc4 Nb6 16. Bb3 Kh8 17. h4 Rc8 18. g4 Nc4 19. g5 b5 20. f6 gxf6 21.
gxf6 Bd6 22. Qf5 Rg8+ 23. Kh1 Bb8 24. Bxc4 bxc4 25. Ng5 Qd5+ 26. f3 Rxg5 27. hxg5 Rg8 28. Rg1 d3 29. cxd3 cxd3 30. Rg2 Ba7 31. Rd1 1-0

[Event "*** Titled Tuesday Blitz"]
[Site "Chess.com"]
[Date "2020.12.01"]
[Round "3"]
[White "ajkom197"]
[Black "LionTheLeon_06"]
[Result "0-1"]
[WhiteElo "2333"]
[BlackElo "2634"]
[TimeControl "180+1"]
[EndTime "10:27:22 PST"]
[Termination "LionTheLeon_06 won by resignation"]

1. d4 Nf6 2. Nf3 b6 3. Bf4 Bb7 4. e3 g6 5. Be2 Bg7 6. O-O O-O 7. h3 c5 8. c3 d6 9. Bh2 Nbd7 10. a4 a6 11. Qb3 Qc7 12. Nbd2 Rfe8 13. Rac1 Rac8 14. Qa2 e5 15. dxe5 dxe5 16. Rfd1 Rcd8 17. Bc4 Re7 18. Ng5 Nf8 19. Ndf3 Rxd1+ 20. Rxd1 Ne4 21. Nxf7 Rxf7 22. Bxe5 Bxe5 23. Bxf7+ Qxf7 24. Qxf7+ Kxf7 25. Nxe5+ Ke7 26. Nc4 Nd7 27. f3 Ng5 28. h4 Nf7 29. f4 Bc6 30. a5 b5 31. Nb6 Nxb6 32. axb6 h5 33. Kf2 Nd6 34. b4 c4 35. Rc1 Ne4+ 36. Ke2 Ng3+ 37. Kf2 Ne4+ 38. Ke2 Kd7 39. g4 hxg4 40. Rg1 g3 41. Kf3 Nxc3+ 42. Kxg3 Ne2+ 0-1

[Event "*** Titled Tuesday Blitz"]
[Site "Chess.com"]
[Date "2020.12.01"]
[Round "3"]
[White "MF1966Idrisov"]
[Black "kinga2008"]
[Result "1-0"]
[WhiteElo "2391"]
[BlackElo "2178"]
[TimeControl "180+1"]
[EndTime "10:27:24 PST"]
[Termination "MF1966Idrisov won by resignation"]

1. Nf3 c5 2. b3 d5 3. e3 Nc6 4. Bb2 Bg4 5. d4 cxd4 6. exd4 e6 7. Be2 Nf6 8. O-O Bd6 9. Nbd2 h5 10. Ne5 Bxe5 11.
dxe5 Bxe2 12. Qxe2 Ng4 13. h3 Qg5 14. Nf3 Qf4 15. Bc1 Qf5 16. Re1 O-O-O 17. Ba3 Qf4 18. Rad1 Nh6 19. Bd6 Nf5 20. g3 Qh6 21. c4 dxc4 22.
bxc4 Rd7 23. c5 Rhd8 24. Rb1 Nfd4 25. Qe4 Nxf3+ 26. Qxf3 Nd4 27. Qe4 Nc6 28. Qxc6+ 1-0

[Event "*** Titled Tuesday Blitz"]
[Site "Chess.com"]
[Date "2020.12.01"]
[Round "3"]
[White "ChessLover0108"]
[Black "machinegun1"]
[Result "0-1"]
[WhiteElo "2776"]
[BlackElo "2533"]
[TimeControl "180+1"]
[EndTime "10:27:25 PST"]
[Termination "machinegun1 won on time"]

1. Nf3 Nf6 2. d4 d5 3. c4 e6 4. Nc3 c5 5. cxd5 cxd4 6. Qxd4 Nxd5 7. e4 Nc6 8. Bb5 Nxc3 9. Qxc3 Qb6 10. a4 a6 11. Be3 Qc7 12. Bxc6+ Qxc6 13. Qxc6+ bxc6 14. O-O f6 15. Rfc1 Bb7 16. Nd4 Kd7 17. Rd1 Ke7 18.
Rac1 Rc8 19. Nb3 Ke8 20. Bc5 Rc7 21. a5 Be7 22. f3 h5 23. Kf2 Kf7 24. Bxe7 Kxe7 25.
Nc5 Bc8 26. b4 e5 27. Rd2 Rd8 28. Rxd8 Kxd8 29. Rd1+ Ke7 30. g3 Ra7 31. Ke3 Be6 32. Kd2 Bc4 33. Ke3 Bb5 34. f4 exf4+ 35. gxf4 g6 36.
e5 fxe5 37. fxe5 g5 38. Rd6 Ke8 39. Rg6 g4 40. e6 Rh7 41. Kf4 Ke7 42. Ke5 h4 0-1

[Event "*** Titled Tuesday Blitz"]
[Site "Chess.com"]
[Date "2020.12.01"]
[Round "3"]
[White "GP9isback23"]
[Black "Blitzstream"]
[Result "1-0"]
[WhiteElo "2523"]
[BlackElo "2758"]
[TimeControl "180+1"]
[EndTime "10:27:25 PST"]
[Termination "GP9isback23 won by resignation"]

1. d4 d5 2. Nf3 Nf6 3. c4 c6 4. e3 Bf5 5. Nc3 e6 6. Bd3 Bxd3 7.
Qxd3 Nbd7 8. O-O Be7 9. e4 dxe4 10. Nxe4 Nxe4 11. Qxe4 O-O 12. Rd1 Qb6 13. Qc2 Rfd8 14. Be3 Qc7 15. Rac1 Nf6 16. a3 Bd6 17. h3 Bf4 18. Qd2 Ne4 19. Bxf4 Nxd2 20. Bxc7 Nxf3+ 21. gxf3 Rd7 22. Bf4 Rad8 23. Be3 c5 24. d5 b6 25. d6 Rxd6 26. Rxd6 Rxd6 27. Kf1 e5 28. Ke2 Kf8 29. Rd1 Ke7 30. Rxd6 Kxd6 31. b4 cxb4 32.
axb4 f6 33. Kd3 f5 34. f4 exf4 35. Bxf4+ Kc6 36. b5+ Kb7 37. Kd4 a5 38. bxa6+ Kxa6 39. Ke5 g6 40. Kf6 Ka5 41. Kg7 Kb4 42. Bc7 Kxc4 43.
Bxb6 Kd5 44. Kxh7 g5 45. Kg6 g4 46. h4 f4 47. h5 Kc6 48. Ba7 Kb7 49. Bd4 1-0

[Event "*** Titled Tuesday Blitz"]
[Site "Chess.com"]
[Date "2020.12.01"]
[Round "3"]
[White "IMVoja"]
[Black "StephenDedalus83"]
[Result "0-1"]
[WhiteElo "2410"]
[BlackElo "2696"]
[TimeControl "180+1"]
[EndTime "10:27:25 PST"]
[Termination "StephenDedalus83 won on time"]

1. d4 Nf6 2. Nf3 g6 3. Bf4 Bg7 4. e3 d6 5. Bc4 Nh5 6. Bg5 h6 7. Bh4 g5 8. Bg3 e6 9. Nbd2 Nd7 10. c3 Qe7 11. Qc2 Nb6 12. Bb3 Bd7 13. O-O-O O-O-O 14. Kb1 f5 15. Rhe1 e5 16. h3 Nxg3 17. fxg3 e4 18. Ng1 Kb8 19. Ne2 d5 20. c4 c6 21. c5 Na8 22. Ka1 Nc7 23. a4 Ne6 24. Rf1 Rdf8 25. Qc3 Rf7 26. Bc2 Rhf8 27. b4 f4 28. gxf4 gxf4 29.
exf4 Nxf4 30. Nxf4 Rxf4 31. Rxf4 Rxf4 32. Nb3 Qg5 33.
g4 Rf3 34. Qb2 Rxh3 35. b5 cxb5 36. axb5 Bxb5 37. Na5 a6 38. c6 Qe7 39. Bb3 Qb4 40. c7+ Kxc7 41. Rc1+ Kb8 0-1

[Event "*** Titled Tuesday Blitz"]
[Site "Chess.com"]
[Date "2020.12.01"]
[Round "3"]
[White "Akmal_Fayzullaev"]
[Black "MatyChess1"]
[Result "1-0"]
[WhiteElo "2373"]
[BlackElo "2550"]
[TimeControl "180+1"]
[EndTime "10:27:25 PST"]
[Termination "Akmal_Fayzullaev won on time"]

1. e4 c5 2. Nf3 g6 3. d4 cxd4 4.
Nxd4 Nc6 5. Nc3 Bg7 6. Be3 Nf6 7. Nxc6 bxc6 8. e5 Nd5 9. Nxd5 cxd5 10. Qxd5 Rb8 11. O-O-O Qc7 12. f4 O-O 13. b3 Bb7 14. Qc5 Qd8 15. Rd2 Bc6 16. Bc4 a5 17. Rhd1 a4 18.
b4 Qc8 19. b5 Qb7 20. Qa7 Rfc8 21. Qxb7 Bxb7 22. Bf1 Be4 23. b6 d6 24. Ba6 Rc3 25. Bd4 Ra3 26. Kb2 dxe5 27. fxe5 1-0

[Event "*** Titled Tuesday Blitz"]
[Site "Chess.com"]
[Date "2020.12.01"]
[Round "3"]
[White "pastouche06"]
[Black "BJthechessgod"]
[Result "0-1"]
[WhiteElo "2502"]
[BlackElo "2296"]
[TimeControl "180+1"]
[EndTime "10:27:25 PST"]
[Termination "BJthechessgod won on time"]

1. d4 Nf6 2. c4 e6 3. Nc3 Bb4 4.
e3 O-O 5. Ne2 d5 6. a3 Bxc3+ 7.
Nxc3 c6 8. Bd3 dxc4 9. Bxc4 b5 10. Bd3 Nbd7 11. e4 e5 12. Be2 exd4 13. Qxd4 c5 14. Qd6 b4 15. axb4 cxb4 16. Qxb4 Rb8 17. Qd6 Re8 18. f3 Rb6 19. Qd4 Qc7 20. O-O a6 21.
Rd1 Nc5 22. Ra3 Be6 23. e5 Nfd7 24. f4 Nb3 25. Qe3 Nxc1 26. Rxc1 Rxb2 27. Rxa6 Qb8 28. Ne4 Rc8 29. Rxc8+ Qxc8 30. Nd6 Qc2 31. Kf1 Bg4 32. Bxg4 Rb1+ 0-1

[Event "*** Titled Tuesday Blitz"]
[Site "Chess.com"]
[Date "2020.12.01"]
[Round "3"]
[White "igorkovalenko"]
[Black "RaphCamora"]
[Result "1-0"]
[WhiteElo "2780"]
[BlackElo "2440"]
[TimeControl "180+1"]
[EndTime "10:27:26 PST"]
[Termination "igorkovalenko won by resignation"]

1. e4 c5 2. Nf3 Nc6 3. Bb5 g6 4.
O-O Bg7 5. c3 Nf6 6. Re1 O-O 7.
h3 Qb6 8. Na3 Rd8 9. Ba4 d5 10. e5 Ne8 11. d3 Qc7 12. Qe2 a6 13. Bc2 b5 14. d4 cxd4 15. cxd4 b4 16. Nb1 a5 17. Bd3 Qb6 18. Be3 Nc7 19. Nbd2 Ba6 20. Rec1 Ne6 21. Bxa6 Qxa6 22. Qxa6 Rxa6 23. Rc2 Na7 24.
Rac1 h6 25. h4 Kf8 26. Nb3 Ke8 27. Nc5 Nxc5 28. Rxc5 e6 29. g4 Bf8 30. Rc7 Rd7 31.
R7c2 Rb6 32. Nd2 a4 33. h5 Rbb7 34. g5 hxg5 35. Bxg5 Be7 36. h6 Rd8 37. h7 Kd7 38.
Bxe7 Kxe7 39. Rc7+ 1-0

[Event "*** Titled Tuesday Blitz"]
[Site "Chess.com"]
[Date "2020.12.01"]
[Round "3"]
[White "Bigfish1995"]
[Black "GregShahade"]
[Result "1-0"]
[WhiteElo "3061"]
[BlackElo "2697"]
[TimeControl "180+1"]
[EndTime "10:27:27 PST"]
[Termination "Bigfish1995 won by resignation"]

1. b3 d5 2. Bb2 Bg4 3. Qc1 Nf6 4. e3 e6 5. Ne2 Be7 6. f3 Bh5 7. Nf4 Nbd7 8. h4 e5 9. Nh3 Ne4 10. fxe4 Bxh4+ 11. Nf2 Qf6 12. Rxh4 Qxh4 13. exd5 Nf6 14. d3 Nxd5 15. Nc3 Nf6 16. e4 O-O-O 17. Qe3 Kb8 18. Kd2 a6 19. g3 Qh2 20. Bh3 Ng4 21. Bxg4 Bxg4 22. Nd5 f6 23. Rh1 Qg2 24. Qe1 h5 25. Rg1 Qf3 26. Ne3 g6 27. Nf1 f5 28. Nh2 fxe4 29.
Nxf3 exf3 30. Bxe5 Rhe8 31. Qe3 1-0

[Event "*** Titled Tuesday Blitz"]
[Site "Chess.com"]
[Date "2020.12.01"]
[Round "3"]
[White "Gurvich_Vitaly"]
[Black "AlexeiShirov"]
[Result "0-1"]
[WhiteElo "2601"]
[BlackElo "2852"]
[TimeControl "180+1"]
[EndTime "10:27:30 PST"]
[Termination "AlexeiShirov won by resignation"]

1. e4 e5 2. f4 exf4 3. Nf3 g5 4. d4 Bg7 5. Nc3 d6 6. Bc4 h6 7. h4 Nc6 8. Qd3 g4 9. Bxf4 gxf3 10. gxf3 Bxd4 11. O-O-O Nf6 12. a3 Be6 13. Nb5 Be5 14.
Bd2 Nh5 15. Qb3 Qd7 16. Bd5 Nf4 17. Bxf4 Bxf4+ 18. Kb1 Ne5 19. Rhg1 Bxd5 20. Rxd5 a6 21. Nc3 O-O-O 22. Rgd1 Nxf3 23. Na4 Nd2+ 24. R5xd2 Bxd2 25. Rxd2 Qb5 0-1

[Event "*** Titled Tuesday Blitz"]
[Site "Chess.com"]
[Date "2020.12.01"]
[Round "3"]
[White "FrostNova"]
[Black "Chernobay_Artem"]
[Result "1-0"]
[WhiteElo "3006"]
[BlackElo "2683"]
[TimeControl "180+1"]
[EndTime "10:27:32 PST"]
[Termination "FrostNova won by resignation"]

1. e4 c5 2. Nf3 d6 3. d4 cxd4 4. Nxd4 Nf6 5. Nc3 Nc6 6. Bc4 e6 7.
Be3 a6 8. Qe2 Bd7 9. O-O-O Na5 10. Bd3 b5 11. f4 b4 12. Nb1 Be7 13. g4 e5 14. Nf5 Bxf5 15. gxf5 Qc7 16. Nd2 O-O 17.
Rhg1 Rfc8 18. Kb1 Nd7 19. Nb3 Nc4 20. fxe5 Ndxe5 21. Bh6 Bf6 22. Bxg7 Bxg7 23. f6 Ng6 24. fxg7 a5 25. Nd4 a4 26. Bxc4 Qxc4 27. Qxc4 Rxc4 28.
b3 axb3 29. axb3 Rc5 30. Nf5 Rca5 31. Kc1 d5 32. exd5 Rd8 33. Rge1 Nf4 34. Kb2 Raxd5 35. Rxd5 Nxd5 36. Rg1 1-0

[Event "*** Titled Tuesday Blitz"]
[Site "Chess.com"]
[Date "2020.12.01"]
[Round "3"]
[White "renehp"]
[Black "Sueetin"]
[Result "1-0"]
[WhiteElo "2447"]
[BlackElo "2259"]
[TimeControl "180+1"]
[EndTime "10:27:32 PST"]
[Termination "renehp won on time"]

1. e4 c5 2. Nf3 e6 3. g3 Nc6 4. Bg2 g6 5. d4 cxd4 6. Nxd4 Bg7 7. Nb5 Nge7 8. Nd6+ Kf8 9. O-O b6 10.
Nc3 Ba6 11. Re1 Nc8 12. e5 Nxd6 13. exd6 Rc8 14. Ne4 f5 15. Bg5 Qe8 16. Nc3 h6 17. Be3 Bf6 18. Nd5 Bxb2 19. Nc7 Rxc7 20. dxc7 Bxa1 21.
Qxa1 Kf7 22. h4 Qc8 23. Bg5 hxg5 24. hxg5 Rh7 25. Qf6+ Kg8 26. Bxc6 dxc6 27. Rxe6 1-0

[Event "*** Titled Tuesday Blitz"]
[Site "Chess.com"]
[Date "2020.12.01"]
[Round "3"]
[White "Nadtkins"]
[Black "Sacbutt"]
[Result "1-0"]
[WhiteElo "2516"]
[BlackElo "2260"]
[TimeControl "180+1"]
[EndTime "10:27:33 PST"]
[Termination "Nadtkins won by checkmate"]

1. d4 e5 2. dxe5 Nc6 3. Nf3 Qe7 4. Qd5 f6 5. Nc3 fxe5 6. Bg5 Nf6 7. Bxf6 gxf6 8. e4 Qc5 9. Qxc5 Bxc5 10. Nd5 O-O 11. Nxc7 Rb8 12. Bc4+ Kg7 13. c3 d6 14. Nh4 Ne7 15.
Ne6+ Bxe6 16. Bxe6 b5 17. a3 a5 18. Ke2 b4 19.
axb4 axb4 20. c4 Bd4 21. Rhb1 Ra8 22. Bd5 Nxd5 23. exd5 Rxa1 24. Rxa1 Bxb2 25. Ra7+ Kg8 26. Nf5 Rd8 27. Rb7 Bc3 28. Kd3 Be1 29. f3 h5 30.
h4 Ra8 31. Nxd6 Ra3+ 32. Ke4 b3 33. Kf5 Bxh4 34. Kg6 Kf8 35. Rf7+ Kg8 36. Nf5 Ra6 37.
Rb7 e4 38. Rb8# 1-0

[Event "*** Titled Tuesday Blitz"]
[Site "Chess.com"]
[Date "2020.12.01"]
[Round "3"]
[White "ViktoriyaTarasova"]
[Black "WonderChampion"]
[Result "1-0"]
[WhiteElo "2300"]
[BlackElo "2027"]
[TimeControl "180+1"]
[EndTime "10:27:33 PST"]
[Termination "ViktoriyaTarasova won by resignation"]

1. d4 d5 2. c4 e6 3. Nc3 c6 4. Nf3 Nf6 5. Bg5 Be7 6. e3 O-O 7.
Bd3 dxc4 8. Bxc4 Nd5 9. Bxe7 Nxe7 10. O-O Ng6 11. Qe2 Bd7 12. e4 Nf4 13. Qe3 Ng6 14. Rad1 Qe7 15. e5 f6 16. Ne4 f5 17. Nd6 b6 18. b4 f4 19. Qb3 b5 20. Bd3 Nh4 21. Be4 Nxf3+ 22. Bxf3 a5 23. a3 a4 24. Qc2 Ra7 25. Rc1 g6 26. Rfe1 g5 27. Ne4 h6 28.
Nf6+ Kh8 29. Qe4 Rc7 30. Rc2 Be8 31. Rec1 Nd7 32. Nxe8 Rxe8 33. Rxc6 Rxc6 34. Rxc6 Nf8 35. h3 Qf7 36. Rc5 Nd7 37. Rxb5 Rc8 38. Rb7 Rc1+ 39.
Kh2 Rc8 40. d5 Rd8 41. d6 Qh7 42. Qxh7+ Kxh7 43. Bc6 1-0

[Event "*** Titled Tuesday Blitz"]
[Site "Chess.com"]
[Date "2020.12.01"]
[Round "3"]
[White "ErikRonka"]
[Black "chessmadara"]
[Result "1-0"]
[WhiteElo "2377"]
[BlackElo "2190"]
[TimeControl "180+1"]
[EndTime "10:27:34 PST"]
[Termination "ErikRonka won by checkmate"]

1. d4 Nf6 2. Bg5 e6 3. e4 c5 4. e5 h6 5. Bc1 Nh7 6. c3 d6 7. Nf3 Nc6 8. exd6 Bxd6 9. Bd3 Nf6 10. O-O O-O 11. Qe2 b6 12. Nbd2 Bb7 13. Ne4 cxd4 14. Nxf6+ Qxf6 15. Qe4 g6 16. Bxh6 Na5 17. Qg4 Bxf3 18.
gxf3 Rfc8 19. cxd4 Nc6 20. Be4 Nxd4 21. Bxa8 Rxa8 22.
f4 Nf5 23. Bg5 Qxb2 24. h4 Bc5 25. h5 Kg7 26. Rad1 Rh8 27. hxg6 Qb4 28. Bf6+ Kxf6 29. g7 Rh6 30. Qg5# 1-0

[Event "*** Titled Tuesday Blitz"]
[Site "Chess.com"]
[Date "2020.12.01"]
[Round "3"]
[White "Homino"]
[Black "GMStefanova"]
[Result "1-0"]
[WhiteElo "2376"]
[BlackElo "2529"]
[TimeControl "180+1"]
[EndTime "10:27:38 PST"]
[Termination "Homino won by resignation"]

1. e4 c6 2. d4 d5 3. Nc3 dxe4 4. Nxe4 Nf6 5. Nxf6+ exf6 6. c3 Bd6 7. Bd3 O-O 8.
Ne2 Re8 9. O-O Nd7 10. Qc2 Nf8 11. Ng3 g6 12. Bd2 Be6 13. Rfe1 Bc7 14. Ne4 b6 15. Rad1 f5 16. Bg5 Bxh2+ 17. Kxh2 Qc7+ 18. Ng3 Nd7 19. Qc1 c5 20. Bb5 a6 21. Bf4 Qb7 22. Bxd7 Bxd7 23. Be5 Bc6 24. Qh6 Rxe5 25. dxe5 Bxg2 26. e6 Bf3 27.
Rd7 1-0

[Event "*** Titled Tuesday Blitz"]
[Site "Chess.com"]
[Date "2020.12.01"]
[Round "3"]
[White "FontVella8"]
[Black "joejan"]
[Result "1-0"]
[WhiteElo "2510"]
[BlackElo "2266"]
[TimeControl "180+1"]
[EndTime "10:27:39 PST"]
[Termination "FontVella8 won by resignation"]

1. d4 Nf6 2. Nf3 e6 3. Bf4 c5 4. c3 d5 5. e3 Nc6 6. Nbd2 Bd6 7. Ne5 Bxe5 8. dxe5 Nd7 9. Qg4 Ncxe5 10. Qxg7 Ng6 11. h4 Qf6 12. Qxf6 Nxf6 13. Bg5 Ne4 14. Nxe4 dxe4 15. h5 Ne7 16. Bb5+ Bd7 17. Bxd7+ Kxd7 18. O-O-O+ Ke8 19. Rh4 f5 20. c4 Rg8 21. Bxe7 Kxe7 22. g3 Rad8 23. Rhh1 Kf6 24. Rxd8 Rxd8 25. Kc2 Kg5 26. Rh4 Rf8 27. Kd2 Rf6 28. Ke2 e5 29.
Rh1 Rh6 30. Rd1 Rxh5 31. Rd5 Rh6 32. Rxc5 Rb6 33. b3 Ra6 34. a4 Rb6 35. Rb5 Rxb5 36.
axb5 b6 37. b4 Kf6 38. c5 Ke6 39. c6 Kd6 40. Kf1 Kc7 41. Kg2 Kb8 42. Kh3 a5 43.
bxa6 1-0

[Event "*** Titled Tuesday Blitz"]
[Site "Chess.com"]
[Date "2020.12.01"]
[Round "3"]
[White "davidkalashian"]
[Black "dosto07"]
[Result "1-0"]
[WhiteElo "2542"]
[BlackElo "2315"]
[TimeControl "180+1"]
[EndTime "10:27:39 PST"]
[Termination "davidkalashian won by resignation"]

1. e4 e5 2. Nf3 Nc6 3. d4 exd4 4. Nxd4 Nf6 5. Nc3 Bb4 6. Nxc6 bxc6 7. Bd3 d5 8. O-O O-O 9. exd5 cxd5 10. Bg5 c6 11. Qf3 Bd6 12. Rfe1 Rb8 13. Rab1 h6 14. Bxf6 Qxf6 15.
Qxf6 gxf6 16. Ne2 Re8 17. Ng3 Bg4 18. b3 Re5 19. h3 Bd7 20. Kf1 Rbe8 21. Re2 Bb4 22.
f4 Rxe2 23. Nxe2 c5 24. Rd1 Bc6 25. Ng3 Bc3 26. Nf5 h5 27. Ng3 h4 28. Nf5 Bd7 29.
Nxh4 a5 30. a4 c4 31. Bxc4 dxc4 32. Rxd7 cxb3 33. cxb3 Re1+ 34. Kf2 Rb1 35. Nf5 Rxb3 36. Nh6+ Kg7 37. Nxf7 Rb4 38. Nd6+ Kg6 39. Kf3 Rd4 40. g4 Bb4 41. f5+ Kg5 42. Nf7+ Kh4 43. Rxd4 1-0

[Event "*** Titled Tuesday Blitz"]
[Site "Chess.com"]
[Date "2020.12.01"]
[Round "3"]
[White "amatatanav"]
[Black "paulrusan"]
[Result "0-1"]
[WhiteElo "2406"]
[BlackElo "2249"]
[TimeControl "180+1"]
[EndTime "10:27:41 PST"]
[Termination "paulrusan won on time"]

1. e4 c5 2. Ne2 Nc6 3. Nbc3 Nf6 4. d4 cxd4 5. Nxd4 e5 6. Ndb5 d6 7. Nd5 Nxd5 8. exd5 Nb8 9. c4 a6 10. Nc3 Be7 11. Bd3 O-O 12. O-O f5 13. f3 Nd7 14.
Be3 Bg5 15. Qd2 Bxe3+ 16. Qxe3 Qc7 17. b4 b5 18. Rfc1 bxc4 19. Na4 Qa7 20. Qxa7 Rxa7 21. Rxc4 e4 22. Be2 Ne5 23. Rc3 Bd7 24. Nb6 Bb5 25.
f4 Nd3 26. Bxd3 Bxd3 27. a4 Rb7 28. a5 Bb5 29. Kf2 g5 30. g3 Re8 31. Rac1 gxf4 32. gxf4 Rg7 33. Rg1 Rxg1 34. Kxg1 e3 35. Rc1 e2 36.
Kf2 Re4 0-1

[Event "*** Titled Tuesday Blitz"]
[Site "Chess.com"]
[Date "2020.12.01"]
[Round "3"]
[White "ChristopherYoo"]
[Black "Kretov_Evgenij"]
[Result "0-1"]
[WhiteElo "2843"]
[BlackElo "2472"]
[TimeControl "180+1"]
[EndTime "10:27:42 PST"]
[Termination "Kretov_Evgenij won by resignation"]

1. e4 c5 2. Nc3 Nc6 3. Nge2 g6 4. g3 Bg7 5. Bg2 d6 6. d3 e5 7. Be3 Nge7 8. Qd2 O-O 9. Nd1 Be6 10. c3 Rb8 11. Bh6 b5 12. h4 f6 13. h5 g5 14. Bxg7 Kxg7 15. f4 h6 16. Ne3 b4 17.
O-O Qa5 18. fxg5 fxg5 19. Nf5+ Bxf5 20. exf5 d5 21. g4 Rf6 22. Qe3 Rd8 23. Rfc1 bxc3 24. bxc3 d4 25. cxd4 Nxd4 26. Qxe5 Nxe2+ 27. Qxe2 Qc7 28.
Rc4 Nd5 29. Bxd5 Rxd5 30. Kg2 Qd7 31. Re4 Rf7 32. Rd1 Rd4 33. Re6 Qd5+ 34. Kh3 Kh7 35. Re5 Qd7 36. Qe3 c4 37. Re6 Rxd3 38. Rxd3 cxd3 39. f6 Qd5 40. Re5 Qh1+ 41. Kg3 Qh4+ 42. Kf3 Rxf6+ 43. Rf5 Rxf5+ 44. gxf5 Qf4+ 45. Qxf4 gxf4 46. Kf2 Kg7 47. Ke1 Kf6 0-1

[Event "*** Titled Tuesday Blitz"]
[Site "Chess.com"]
[Date "2020.12.01"]
[Round "3"]
[White "ftorodent"]
[Black "rasmussvane"]
[Result "0-1"]
[WhiteElo "2617"]
[BlackElo "2877"]
[TimeControl "180+1"]
[EndTime "10:27:43 PST"]
[Termination "rasmussvane won by resignation"]

1. d4 d5 2. c4 e6 3. Nf3 a6 4. cxd5 exd5 5. Bg5 Nf6 6. Nc3 Be6 7. e3 Nbd7 8. Bd3 c6 9. O-O Bd6 10. Bh4 Qc7 11. Bg3 Bxg3 12. hxg3 O-O 13. b4 Bg4 14. Qc2 Bh5 15. a4 Bg6 16. Rfc1 Rfc8 17. Bxg6 hxg6 18. Ne1 Nb6 19. Nd3 Nc4 20. b5 cxb5 21. axb5 a5 22. Na4 Qd6 23. Ne5 Nd7 24. Nxd7 Qxd7 25. Qe2 Qxb5 26.
Nc3 Qd7 27. e4 dxe4 28. Qxe4 b5 29. d5 Nd6 30. Qd4 Rc4 31. Qd3 Rac8 32. Ne2 Rxc1+ 33.
Nxc1 Qf5 34. Qd2 a4 35. Ne2 Rc2 36. Qb4 Rxe2 0-1

[Event "*** Titled Tuesday Blitz"]
[Site "Chess.com"]
[Date "2020.12.01"]
[Round "3"]
[White "Zhigalko_Sergei"]
[Black "FrenchMonster2002"]
[Result "1-0"]
[WhiteElo "2875"]
[BlackElo "2447"]
[TimeControl "180+1"]
[EndTime "10:27:43 PST"]
[Termination "Zhigalko_Sergei won by checkmate"]

1. e4 g6 2. d4 Bg7 3. Nc3 a6 4. Nf3 b5 5. a4 b4 6. Ne2 a5 7.
Ng3 h5 8. Bd3 h4 9. Ne2 d6 10.
h3 Nd7 11. c3 c5 12. O-O Bb7 13. Bb5 Kf8 14. Ng5 Ngf6 15. Nf4 Kg8 16. Qb3 e6 17. Nxf7 Qe7 18. Nxh8 Bxh8 19. Nxe6 d5 20. Nxc5 Nxc5 21. dxc5 Nxe4 22. c6 Bc8 23. Qxd5+ Kh7 24. c7 Ra7 25. Re1 Bf5 26. Bc4 Rxc7 27. Qg8# 1-0

[Event "*** Titled Tuesday Blitz"]
[Site "Chess.com"]
[Date "2020.12.01"]
[Round "3"]
[White "gilbert_gm"]
[Black "serhanberat_ozdemir"]
[Result "1-0"]
[WhiteElo "2547"]
[BlackElo "2338"]
[TimeControl "180+1"]
[EndTime "10:27:44 PST"]
[Termination "gilbert_gm won on time"]

1. e4 c5 2. Nf3 e6 3. g3 d5 4. Nc3 dxe4 5. Nxe4 Be7 6. Bg2 Nf6 7. Qe2 O-O 8. O-O Nc6 9. d3 Nxe4 10. Qxe4 h6 11.
c3 Qc7 12. Bf4 Bd6 13. Bxd6 Qxd6 14. a4 Bd7 15. Rfd1 Ne7 16. d4 Bc6 17. Qe5 Qxe5 18. Nxe5 Bxg2 19. Kxg2 cxd4 20. Rxd4 Rfd8 21. Rad1 Rd5 22.
Rxd5 Nxd5 23. c4 Nb6 24. a5 Na4 25. b3 Nc5 26. b4 Na6 27. b5 Nc5 28. Nd7 Nb3 29.
c5 Rc8 30. Rd3 Nxa5 31. Ra3 Nc4 32. Rxa7 Rc7 33. Ra8+ Kh7 34. Nf8+ Kg8 35. Nxe6+ Rc8 36. Rxc8+ 1-0

[Event "*** Titled Tuesday Blitz"]
[Site "Chess.com"]
[Date "2020.12.01"]
[Round "3"]
[White "leoduarte"]
[Black "Synctel"]
[Result "1-0"]
[WhiteElo "2297"]
[BlackElo "1999"]
[TimeControl "180+1"]
[EndTime "10:27:44 PST"]
[Termination "leoduarte won on time"]

1. e4 e6 2. d4 d5 3. Nc3 Nf6 4. e5 Nfd7 5. f4 c5 6. Be3 Nc6 7. Nf3 a6 8. Qd2 b5 9. Be2 Bb7 10. O-O Qb6 11. dxc5 Bxc5 12. Bxc5 Qxc5+ 13. Kh1 O-O 14. Bd3 h6 15. Ne2 Nb6 16. f5 exf5 17. Ng3 Nc4 18. Qf4 Nxb2 19. Nxf5 Nxd3 20. cxd3 Ne7 21. Rac1 Ng6 22. Nxh6+ gxh6 23. Qxh6 Qb4 24. d4 1-0

[Event "*** Titled Tuesday Blitz"]
[Site "Chess.com"]
[Date "2020.12.01"]
[Round "3"]
[White "VladimirBelous"]
[Black "Titus369"]
[Result "0-1"]
[WhiteElo "2807"]
[BlackElo "2590"]
[TimeControl "180+1"]
[EndTime "10:27:46 PST"]
[Termination "Titus369 won by resignation"]

1. Nf3 Nf6 2. c4 e6 3. g3 d5 4.
Bg2 Be7 5. O-O O-O 6. d4 dxc4 7. Qc2 b5 8. a4 Bb7 9. axb5 a6 10. bxa6 Nxa6 11.
Qxc4 Bd5 12. Qc3 Ne4 13. Qe3 c5 14. Nc3 cxd4 15. Nxd4 Nxc3 16. bxc3 Nc5 17. Rxa8 Qxa8 18. Bxd5 Qxd5 19. Ba3 Bf6 20. Nb5 Rc8 21. c4 Qh5 22.
Nd6 Rc6 23. Bxc5 Qxc5 24. Qxc5 Rxc5 25. Rb1 Be7 26. Rb8+ Bf8 27. Nc8 g6 28. Nb6 Rc7 29. Rc8 Rxc8 30. Nxc8 Bc5 31. e4 e5 32. Kg2 Kf8 33. f4 f6 34. f5 Ke8 35. fxg6 hxg6 36. h4 Kd7 37. g4 Kxc8 38. h5 gxh5 39. gxh5 Bf8 40. Kf3 Kd7 41. Kg4 Ke6 42. Kh4 f5 43.
exf5+ Kxf5 44. Kg3 e4 45. h6 Bxh6 46. c5 Bf4+ 47.
Kf2 Ke5 48. c6 Kd6 0-1